Unix NetHack Version 5.0.0-0 post-release - last build Jul 19 2026 19:10:59 (3aa4ab31751d3886436d94b585a96704892fd477,branch:main).

Game began 2026-07-18 20:33:12, ended 2026-07-19 21:23:03.

Brudee, chaotic female human Rogue

                  ....
                 .......
                 .....>.
                 .......-
                 .........
                 .......%.
                 .%.......
                 ---)...........
                   --............
                    |......).@h%.
                     ............
                     ..|....---.
                     .---.---
                        ---
Brudee the Cutpurse     St:17 Dx:18 Co:13 In:9 Wi:11 Ch:7  Chaotic S:1715
Dlvl:8  $:33 HP:0(36) Pw:22(22) AC:3  Xp:5/318 T:887 

Latest messages:
 You feel that Kos is well-pleased.
 You feel much better.
 In what direction? l
 You kill the gnome lord!
 t - 3 +0 daggers (at the ready) (6 in total).
 You see here 11 shuriken.
 B - 11 shuriken.
 You hit the gnome.
 You kill the gnome!
 You learn more about your items by comparing them.
 t - a +0 dagger (at the ready) (7 in total).
 There is nothing here to pick up.
 C - 3 daggers.
 D - a chanko.
 In what direction? j
 You kick a gray stone.
 Really step onto that sleeping gas trap? [yn] (n) n
 In what direction? n
 You kick a gray stone.
 E - a wand of striking.
 t - 3 +0 daggers (at the ready) (10 in total).
 You see here a gray stone.
 F - a gray stone.
 What do you want to call? [ah-kmopsu-yAF or ?*] F
 Call a gray stone: What Gray Stone is This?
 The gnome lord hits!
 You hit the gnome lord!
 You hit the gnome lord!
 The gnome lord hits!
 You kill the gnome lord!
 You see here a gnome lord corpse.
 The dwarf king swings his pick-axe.
 The dwarf king hits!
 The dwarf king swings his pick-axe.
 The dwarf king hits again!
 You are almost hit by a dagger.
 What do you want to zap? [kpxE or ?*] ?
 In what direction? l
 You kill it!
 You kill it!
 What do you want to zap? [kpxE or ?*] ?
 In what direction? l
 You see here a dagger.
 The dwarf king swings his pick-axe.
 The dwarf king hits!
 The dwarf king swings his pick-axe.
 The dwarf king hits again!
 You die...
 Do you want your possessions identified? [ynq] (y) y
 Do you want to see your attributes? [ynq] (y) q

Inventory:
 Coins    ('$')
  $ - 33 gold pieces
 Weapons  (')')
  B - 11 +0 shuriken
  b - a +0 dagger (alternate weapon; not wielded)
  t - 10 +0 daggers (at the ready)
  C - 3 cursed -1 daggers
  q - a cursed +0 orcish dagger
  r - a +0 dwarvish short sword (weapon in right hand)
 Armor    ('[')
  s - an uncursed +0 dwarvish iron helm (being worn)
  n - an uncursed +0 pair of speed boots (being worn)
  o - an uncursed +0 alchemy smock with text "I am an alchemist; if you see me running, try to catch up..." (being worn)
  c - an uncursed +1 leather armor (being worn)
 Comestibles  ('%')
  D - an uncursed chanko
  l - 3 uncursed food rations
 Scrolls  ('?')
  A - a cursed scroll of confuse monster
  y - an uncursed scroll of create monster
  u - an uncursed scroll of identify
  w - an uncursed scroll of teleportation
 Potions  ('!')
  h - an uncursed potion of healing
  a - a blessed potion of invisibility
  d - an uncursed potion of sickness
 Wands    ('/')
  x - a wand of cancellation (0:8)
  p - a wand of fire (0:4)
  k - a wand of lightning (0:4)
  E - a wand of striking (0:2)
 Tools    ('(')
  f - an empty uncursed sack
  e - an uncursed lock pick
  z - a magic marker (0:92)
  g - a +0 pick-axe
  v - an uncursed skeleton key
 Gems/Stones  ('*')
  i - 2 uncursed chrysoberyl stones
  j - an uncursed worthless piece of blue glass
  m - an uncursed worthless piece of red glass
  F - an uncursed flint stone

Brudee the Rogue's attributes:

Background:
 You were a Cutpurse, a level 5 female human Rogue.
 You were chaotic, on a mission for Kos
 who was opposed by Issek (lawful) and Mog (neutral).
 You were right-handed.
 You were in the Gnomish Mines, on level 8.
 You entered the dungeon 887 turns ago.
 You had 318 experience points, 2 more were needed to attain level 6.
 Your score was 1715 before end-of-game adjustments.

Basics:
 You had 0 out of 36 hit points.
 You had all 22 energy points (spell power).
 Your armor class was 3.
 Your wallet contained 33 zorkmids.
 Autopickup was on for '$"?+!=/' plus thrown.

Final Characteristics:
 Your strength was 17 (limit:18/100).
 Your dexterity was 18 (limit:18).
 Your constitution was 13 (limit:18).
 Your intelligence was 9 (limit:18).
 Your wisdom was 11 (limit:18).
 Your charisma was 7 (limit:18).

Final Status:
 You weren't hungry.
 You were unencumbered.
 You were wielding a short sword.
 You had basic skill with short sword.

Final Attributes:
 You were devoutly aligned.
 You were poison resistant.
 You were acid resistant.
 Your items were protected from acid.
 You were stealthy.
 You were warded.
 You were very fast.
 You are dead.

Miscellaneous:
 You didn't encounter any bones levels.
 Total elapsed playing time was 45 minutes and 3 seconds.

Major events:
 Turn
    1: Brudee the chaotic female human Rogue entered the dungeon
  572: entered the Gnomish Mines
  604: attained the rank of Cutpurse (level 3)
  887: killed by a dwarf king

You didn't know any spells.

Skills:
 Fighting Skills
   bare handed combat [Unskilled]
   two weapon combat  [Unskilled]
   riding             [Unskilled]
 Weapon Skills
   dagger             [Basic]
   knife              [Unskilled]
   short sword        [Basic]
   broadsword         [Unskilled]
   long sword         [Unskilled]
   two-handed sword   [Unskilled]
   saber              [Unskilled]
   club               [Unskilled]
   mace               [Unskilled]
   morning star       [Unskilled]
   flail              [Unskilled]
   hammer             [Unskilled]
   polearms           [Unskilled]
   spear              [Unskilled]
   crossbow           [Unskilled]
   dart               [Unskilled]
   shuriken           [Unskilled]
 Spellcasting Skills
   divination spells  [Unskilled]
   escape spells      [Unskilled]
   matter spells      [Unskilled]

Voluntary challenges:
 Character rerolling was not enabled.
 You were illiterate.
 You never genocided any monsters.
 You never polymorphed an object.
 You never changed form.
 You used no wishes.
Achievements:
 You entered a shop.
 You entered the Gnomish Mines.
 You attained the rank of Cutpurse.

 The Dungeons of Doom: levels 1 to 2
    Level 1:
    Level 2:
       An armor shop.
       Stairs down to The Gnomish Mines.
 The Gnomish Mines: levels 3 to 9
    Level 3:
    Level 4:
    Level 8: <- You were here.
       Final resting place for
          you, killed by a dwarf king.
    Level 9:


Vanquished creatures:
  4 gnome leaders
  a gnomish wizard
  5 dwarves
 23 gnomes
  a gecko
  2 jackals
  a goblin
  a sewer rat
  3 grid bugs
  3 lichens
  a kobold zombie
  a newt
46 creatures vanquished.

No species were genocided or became extinct.

Game over:
                       ----------
                      /          \
                     /    REST    \
                    /      IN      \
                   /     PEACE      \
                  /                  \
                  |      Brudee      |
                  |      33 Au       |
                  |   killed by a    |
                  |    dwarf king    |
                  |                  |
                  |                  |
                  |       2026       |
                 *|     *  *  *      | *
        _________)/\\_//(\/(/\)/\//\/|_)_______

Goodbye Brudee the Rogue...

You died in The Gnomish Mines on dungeon level 8 with 1712 points,
and 33 pieces of gold, after 887 moves.
You were level 5 with a maximum of 36 hit points when you died.

